 Dungeon Crawl Stone Soup version 0.27-a0-906-g0a00ce863d (webtiles) character file.

Game seed: 13346452394575340893

256 MeatMancer the Chopper (level 5, 0/70 HPs)
             Began as a Minotaur Berserker on Apr 7, 2021.
             Was a Believer of Trog.
             Slain by a killer bee (6 damage)
             ... on level 3 of the Dungeon.
             The game lasted 00:04:37 (2346 turns).

MeatMancer the Chopper (Minotaur Berserker)         Turns: 2346, Time: 00:04:38

Health: 0/70       AC: 13    Str: 25    XL:     5   Next: 92%
Magic:  4/4        EV:  7    Int:  4    God:    Trog [**....]
Gold:   114        SH:  0    Dex:  9    Spells: 4/4 levels left

rFire    . . .     SeeInvis .   a - +1 hand axe
rCold    . . .     Faith    .   (no shield)
rNeg     . . .     Spirit   .   b - +0 plate armour
rPois    .         Reflect  .   (helmet restricted)
rElec    .         Harm     .   i - +0 cloak
rCorr    .         Rampage  .   (no gloves)
Will     .....                  (no boots)
Stlth    ..........             (no amulet)
HPRegen  0.21/turn              (no ring)
MPRegen  0.09/turn              (no ring)

@: berserking (expiring), lethally poisoned (0 -> -4), very quick
A: horns 2, retaliatory headbutt, strong 1, MP-powered wands
a: Renounce Religion, Berserk, Trog's Hand


You were on level 3 of the Dungeon.
You worshipped Trog.
Trog was pleased with you.
You visited 1 branch of the dungeon, and saw 3 of its levels.

You collected 114 gold pieces.

Inventory:

Hand Weapons
 a - a +1 hand axe (weapon)
Missiles
 h - 21 poisoned darts
Armour
 b - a +0 plate armour (worn)
 i - a +0 cloak (worn)
Scrolls
 c - 3 scrolls of blinking {unknown}
 d - a scroll of brand weapon {unknown}
 e - 2 scrolls of identify
 f - a scroll of acquirement {unknown}
 g - a scroll of enchant armour {unknown}


   Skills:
 + Level 4.9 Fighting
 + Level 5.9 Axes
 + Level 4.1 Armour
 + Level 2.8 Dodging
 + Level 0.7 Stealth


You had 4 spell levels left.
You didn't know any spells.
Your spell library contained the following spells:

 Spells                   Type           Power      Damage    Failure   Level
 Animate Skeleton         Necr           0%         N/A       100%        1
 Apportation              Tloc           0%         N/A       100%        1
 Corona                   Hex            0%         N/A       100%        1
 Summon Small Mammal      Summ           0%         N/A       100%        1
 Ensorcelled Hibernation  Hex/Ice        0%         N/A       100%        2
 Confusing Touch          Hex            0%         N/A       100%        3
 Dazzling Flash           Conj/Hex       0%         N/A       100%        3
 Tukima's Dance           Hex            0%         N/A       100%        3


Dungeon Overview and Level Annotations

Branches:
Dungeon (3/15)

Altars:


Innate Abilities, Weirdness & Mutations

You have a pair of horns on your head.
You reflexively headbutt those who attack you in melee.
Your muscles are strong. (Str +2)
You expend magic power (3 MP) to strengthen your wands.


Message History

You kill the killer bee!
Trog accepts your kill.
Found a stone staircase leading up.
You miss the killer bee.
You feel sick. The killer bee stings you.
You closely miss the killer bee. Your headbutt misses the killer bee.
You feel sick. The killer bee stings you. The killer bee barely misses you.
You hit the killer bee. You headbutt the killer bee!
The killer bee is severely wounded.
You feel sick.
The killer bee stings you but does no damage.
You slash the killer bee!
You kill the killer bee!
Trog accepts your kill.
Your Armour skill increases to level 4!
You miss the killer bee. Your headbutt misses the killer bee.
You feel sick. The killer bee stings you!
* * * LOW HITPOINT WARNING * * *
The killer bee stings you.
* * * LOW HITPOINT WARNING * * *
You are more poisoned.
The killer bee poisons you!
You closely miss the killer bee. Your headbutt misses the killer bee.
* * * LOW HITPOINT WARNING * * *
You feel sick. The killer bee closely misses you.
You closely miss the killer bee. Your headbutt misses the killer bee.
You feel sick.
The killer bee stings you but does no damage.
You barely miss the killer bee. Your headbutt misses the killer bee.
* * * LOW HITPOINT WARNING * * *
You feel sick.
The killer bee stings you but does no damage. x2
You closely miss the killer bee.
You feel sick.
The killer bee stings you but does no damage.
You closely miss the killer bee.
You feel sick.
The killer bee stings you but does no damage.
You slash the killer bee! Your headbutt misses the killer bee.
The killer bee is heavily wounded.
The killer bee misses you. You furiously retaliate!
You headbutt the killer bee. The killer bee stings you.
You die...

#....# #.. #..#.####..
#..#....... #....####..
##.#..# #.. # #..#.###..
..< ##.#..##..
.....###########.##††.##
....[.y@................
.....###########.####.##
... #.# #.# # #.# #.#
###########.####.##
#.................. #.
#.##########.###.## #.
#.####P...##.# #.#. #.
#.##.≈P≈≈≈≈..# #...


You could see a killer bee.

Vanquished Creatures
  3 killer bees (D:3)
  Jessica (D:2)
  4 adders (D:3)
  5 dart slugs
  3 orcs (D:3)
  3 endoplasms
  2 giant cockroaches
  2 goblins (D:2)
  A hobgoblin (D:3)
  3 jackals (D:3)
  2 quokkas
  A ball python (D:1)
  3 bats
  7 frilled lizards
  11 kobolds
  3 rats
54 creatures vanquished.

Vanquished Creatures (others)
  9 plants (D:3)
9 creatures vanquished.

Grand Total: 63 creatures vanquished

Notes
Turn   | Place    | Note
-------+----------+-------------------------------------------
     0 | D:1      | MeatMancer the Minotaur Berserker began the quest for the
                  | Orb.
     0 | D:1      | Reached XP level 1. HP: 19/19 MP: 0/0
   291 | D:1      | Reached skill level 4 in Axes
   291 | D:1      | Reached XP level 2. HP: 25/27 MP: 1/1
   859 | D:1      | Found a faded altar of an unknown god.
  1192 | D:1      | Gained mutation: You expend magic power (3 MP) to
                  | strengthen your wands. [potion of mutation]
  1192 | D:1      | Gained mutation: Your muscles are strong. (Str +2) [potion
                  | of mutation]
  1286 | D:2      | Reached ** piety under Trog
  1288 | D:2      | Reached XP level 3. HP: 33/33 MP: 2/2
  1433 | D:2      | Noticed Jessica
  1438 | D:2      | Killed Jessica
  1943 | D:3      | Reached XP level 4. HP: 41/41 MP: 3/3
  2280 | D:3      | Reached skill level 5 in Axes
  2335 | D:3      | Reached XP level 5. HP: 32/47 MP: 4/4
  2346 | D:3      | Slain by a killer bee

Illustrated notes

Levels and vault maps discovered:
D:1:      giann_wishing_wells, layout_basic, basic_ecumenical_altar,
          kennysheep_small_spiral, minmay_small_reverse_x
D:2:      layout_loops_ring, feat_on_display, uniq_jessica
D:3:      layout_rooms, marbit_many_paths, serial_bayou_pond_c

Skill      XL: |  1  2  3  4  5 |
---------------+----------------+-----
Axes           | 4 5 |  5.9
Fighting       | 4 |  4.9
Armour         | 3 4 |  4.1
Dodging        | |  2.8
Stealth        | |  0.7

Action                   |  1- 3 |  4- 6 || total
-------------------------+-------+-------++-------
Melee: Hand axe          |    59 |    63 ||   122
       Headbutt          |    12 |    10 ||    22
Invok: Berserk           |     1 |     1 ||     2
  Use: Scroll            |     3 |       ||     3
       Potion            |     1 |       ||     1
Armor: Animal skin       |     8 |       ||     8
       Plate armour      |    21 |    31 ||    52
       Leather armour    |     1 |       ||     1
Dodge: Dodged            |    22 |    28 ||    50

Table legend: (Time is in decaauts)
 A = Elapsed time spent in this place.
 B = Non-inter-level travel time spent in this place.
 C = Inter-level travel time spent in this place.
 D = Time resting spent in this place.
 E = Time spent auto-exploring this place.
 F = Levels seen in this place.
 G = Mean time per level.
                   A        B        C        D        E       F      G
               +--------+--------+--------+--------+--------+-----+--------+
         Total |   2364 |   2283 |     81 |     44 |   1698 |   3 |  788.0 |
       Dungeon |   2364 |   2283 |     81 |     44 |   1698 |   3 |  788.0 |
               +--------+--------+--------+--------+--------+-----+--------+

Top non-repeatable levels by time:
     D:1: 1197 daAuts
     D:2: 761 daAuts
     D:3: 405 daAuts
